 Dungeon Crawl Stone Soup version 0.19.0 (webtiles) character file.

61189 edsrzf the Phalangite (level 15, -4/113 HPs)
             Began as a Merfolk Monk on Nov 10, 2016.
             Was the Champion of Cheibriados.
             Slain by a brown very ugly thing (5 damage)
             ... on level 2 of the Abyss on Nov 11, 2016.
             The game lasted 01:11:30 (21218 turns).

edsrzf the Phalangite (Merfolk Monk)               Turns: 21218, Time: 01:11:30

Health: -4/113     AC:  3    Str: 26    XL:     15   Next: 2%
Magic:  4/19       EV: 23    Int: 25    God:    Cheibriados [******]
Gold:   1159       SH:  0    Dex: 32    Spells: 2 memorised, 15 levels left

rFire  + + .     SeeInvis .     a - +1 trident (pierce)
rCold  . . .     Gourm    .     U - +2 ring mail {rF+}
rNeg   . . .     Faith    .     (no shield)
rPois  +         Spirit   .     (no helmet)
rElec  .         Reflect  .     l - +0 cloak
rCorr  +         Harm     .     t - +1 pair of gloves
MR     +....     Rnd*Tele +     Z - +0 pair of boots
Stlth  ++........               O - amulet of regeneration
                                s - ring of resist corrosion
                                P - ring of protection from fire

@: corroded, very slow
A: change form in water, swift swim, stealthy swim, blurry vision 2, dopey 1,
frail 1, low mp 2, poison resistance, teleportitis 1, weak 2, subdued magic 3
a: Bend Time, Temporal Distortion, Slouch, Step From Time, Renounce Religion


You were on level 2 of the Abyss.
You worshipped Cheibriados.
Cheibriados was exalted by your worship.
You were not hungry.

You visited 3 branches of the dungeon, and saw 19 of its levels.
You visited the Abyss 1 time.
You also visited: Labyrinth.

You collected 1159 gold pieces.

Inventory:

Hand Weapons
 a - a +1 trident of piercing (weapon)
Missiles
 u - 21 tomahawks (quivered)
 A - 2 javelins
 Y - 47 poisoned needles
Armour
 l - a +0 cloak (worn)
 t - a +1 pair of gloves (worn)
 U - a +2 ring mail of fire resistance (worn)
 Z - a +0 pair of boots (worn)
Jewellery
 f - an uncursed ring of fire
 h - an uncursed ring of fire
 j - an uncursed ring of see invisible
 s - a ring of resist corrosion (right hand)
 O - an amulet of regeneration (around neck)
 P - a ring of protection from fire (left hand)
 R - a +6 amulet of reflection
Wands
 g - a wand of lightning (12/15)
 w - a wand of iceblast (7/15)
 x - a wand of confusion (27/48)
 B - a wand of disintegration (14/24)
 C - a wand of lightning (8/15)
 D - a wand of heal wounds (5/9)
 F - a wand of heal wounds (2/9)
 J - a wand of flame (9/48)
 L - a wand of confusion (24/48)
 S - a wand of iceblast (3/15)
 T - a wand of flame (27/48)
 X - a wand of acid (5/15)
Scrolls
 b - a scroll of holy word
 e - 6 scrolls of remove curse {@r2}
 i - a scroll of fog
 m - a scroll of magic mapping
 n - 4 scrolls of enchant armour
 o - 5 scrolls of teleportation {@r3}
 r - a scroll of blinking
 y - 3 scrolls of enchant weapon
 I - 2 scrolls of amnesia
 V - a scroll of fear
Potions
 p - 2 potions of flight
 G - a potion of brilliance
 K - a potion of cancellation {unknown}
 M - a potion of resistance
 N - a potion of cure mutation
 W - 2 potions of agility
Books
 E - a book of Maledictions
Comestibles
 c - 9 bread rations
 d - 8 fruits
 k - 4 beef jerkies
 q - 8 royal jellies
 z - 9 meat rations


   Skills:
 + Level 14.3 Fighting
 + Level 21.3 Polearms
 + Level 7.1 Throwing
 - Level 10.0 Dodging
 - Level 2.1 Stealth
 - Level 2.5 Spellcasting
 - Level 2.0 Translocations
 + Level 12.1 Invocations


You had 15 spell levels left.
You knew the following spells:

 Your Spells              Type           Power        Failure   Level  Hunger
b - Blink                 Tloc           N/A          6%          2    ##.....
m - Repel Missiles        Chrm/Air       #.....       14%         2    ##.....


Dungeon Overview and Level Annotations

Branches:
Dungeon (12/15)            Temple (0/1) D:5            Lair (6/6) D:10
 Shoals (0/4) Lair:2       Spider (0/4) Lair:2        Slime (0/5) Lair:5
    Orc (1/2) D:12

Altars:
Ashenzari
Cheibriados
Makhleb
Okawaru
Trog
Vehumet
Xom
Jiyva

Portals:
Hell: Lair:6

Annotations:
D:3 CanadianGator's ghost, amateur MiFi
D:4 Dowan; Duvessa; Sigmund
D:5 exclusion: centaur, Grinder
D:11 exclusion: ice statue
Lair:2 Gastronok
Lair:3 exclusion: hydra
Lair:6 exclusion: 4 oklob plants
Orc:1 Erolcha


Innate Abilities, Weirdness & Mutations

You revert to your normal form in water.
You are very nimble and swift while swimming.
You are very stealthy in the water. (Stealth+)
You are frail. (-10% HP)
Your system is resistant to poisons. (rPois)
[Scrolls take you longer to read.]
[You are dopey. (Int -2)]
[Your magical capacity is very low. (-20% MP)]
[You are occasionally teleported next to monsters.]
[You are very weak. (Str -4)]
[Your spells are much easier to cast, but much less powerful.]


Message History

You start eating the slice of pizza.
Mmm...
That's the fabled Pandemonium Pizza!
You start resting.
An ugly thing and 2 very ugly things come into view.
The brown very ugly thing gurgles horribly!
A brown very ugly thing comes into view.
The brown very ugly thing moves out of view.
An ugly thing and a very ugly thing come into view.
The brown very ugly thing engulfs you!!
You are splashed with acid!
The acid burns!
You resist.
You closely miss the brown very ugly thing.
You hit the brown very ugly thing.
The brown very ugly thing is lightly wounded.
The brown very ugly thing closely misses you.
You hit the brown very ugly thing but do no damage.
The brown very ugly thing is lightly wounded.
You hit the brown very ugly thing.
The brown very ugly thing is lightly wounded.
The brown very ugly thing engulfs you but does no damage.
You impale the brown very ugly thing!!
The brown very ugly thing is moderately wounded.
You hear a horrible gurgling sound!
The brown very ugly thing completely misses you.
You puncture the brown very ugly thing!
The brown very ugly thing is heavily wounded.
You puncture the brown very ugly thing!
The brown very ugly thing is severely wounded.
The brown very ugly thing engulfs you.
You are splashed with acid!
The acid burns!
You resist.
You barely miss the brown very ugly thing.
The brown very ugly thing is severely wounded.
You impale the brown very ugly thing!!
The brown very ugly thing is almost dead.
You hear a horrible gurgling sound!
The brown very ugly thing engulfs you!
You are splashed with acid!
The acid burns!
You resist.
You hit the brown very ugly thing.
The brown very ugly thing is almost dead.
The brown very ugly thing barely misses you.
You hit the brown very ugly thing.
The brown very ugly thing is almost dead.
You puncture the brown very ugly thing!
You kill the brown very ugly thing!
Cheibriados thoroughly appreciates the change of pace.
You feel your intelligence returning.
You have reached level 15!
Your experience leads to an increase in your attributes!
Your base attributes are Str 14, Int 11, Dex 17.
Increase (S)trength, (I)ntelligence, or (D)exterity?
You feel stronger.
You feel clever.
You hit the brown very ugly thing but do no damage.
You hit the brown very ugly thing but do no damage.
The brown ugly thing headbutts you!
You are splashed with acid!
The acid burns!
You resist.
The brown very ugly thing barely misses you.
The brown very ugly thing basks in the mutagenic energy from its kin and changes!
The brown ugly thing completely misses you.
The brown very ugly thing engulfs you!
You are splashed with acid!
The acid burns!
You resist.
The brown very ugly thing gurgles horribly!
You can feel time thicken for a moment.
You feel somewhat more hungry.
You hear a horrible gurgling sound!
The brown very ugly thing barely misses you.
The brown ugly thing completely misses you.
The brown very ugly thing engulfs you!
You are splashed with acid!
The acid burns!
You resist.
* * * LOW HITPOINT WARNING * * *
You can feel time thicken for a moment.
You feel somewhat more hungry.
The brown ugly thing headbutts you but does no damage.
The brown very ugly thing tentacle-slaps you.
* * * LOW HITPOINT WARNING * * *
The acid corrodes you!
You are splashed with acid!
The acid burns!
You resist.
* * * LOW HITPOINT WARNING * * *
The brown very ugly thing completely misses you.
Press: ? - help, v - describe, . - travel
Here: a brown ugly thing (severely wounded)
The floor.
Unknown command.
You can feel time thicken for a moment.
You feel somewhat more hungry.
The brown ugly thing headbutts you but does no damage.
The brown very ugly thing barely misses you.
The brown very ugly thing closely misses you.
Unknown command.
Press: ? - help, v - describe, . - travel
Here: a brown very ugly thing (severely wounded)
The floor.
Unknown command.
You puncture the brown very ugly thing!
The brown very ugly thing is severely wounded.
The brown ugly thing headbutts you!
* * * LOW HITPOINT WARNING * * *
The acid corrodes you!
You are splashed with acid!
The acid burns!
You resist.
* * * LOW HITPOINT WARNING * * *
The brown very ugly thing tentacle-slaps you.
* * * LOW HITPOINT WARNING * * *
You are splashed with acid!
The acid burns!
You resist.
* * * LOW HITPOINT WARNING * * *
The brown very ugly thing engulfs you.
You die...

## #. .#.. .
..... .....##
##.### #..
...###.#....
..#.###..#....#
...#.#...u....#
......##@....#.#
......uuu......#
.....#.u#.###..##
. .............#
#.....#.#......
.###.#.# ## . .#
...#..# .. ##
........#.#. ..
.u. [#..#....#.


You could see 3 very ugly things and 2 ugly things.

Vanquished Creatures
  A tentacled starspawn (Abyss:1)
  A very ugly thing (Abyss:2)
  A minotaur (Lab)
  The ghost of Oroborous the Fighter, a journeyman DrTm of Yredelemnul (D:11)
  6 hydras
  An ice dragon (D:11)
  A quicksilver dragon skeleton (Abyss:1)
  A sun demon (Lair:6)
  A sixfirhy (Lair:6)
  2 wretched stars (Abyss:1)
  2 unseen horrors
  A glowing orange brain (Abyss:1)
  A wizard (Lair:6)
  A lindwurm (Lair:6)
  3 wolf spiders (Lair:2)
  2 hill giants (D:11)
  A manticore (Lair:2)
  A worldbinder (Abyss:1)
  A cyclops (D:11)
  4 elephants (Lair:5)
  6 black mambas
  Psyche (D:8)
  A torpor snail (Lair:4)
  16 spiny frogs
  3 orange demons (Lair:6)
  7 rime drakes
  11 komodo dragons
  A red devil (Abyss:1)
  A hellwing (Lair:6)
  3 ice devils (Lair:6)
  A troll (D:9)
  A polar bear (D:11)
  A hornet (D:9)
  A meliai (shapeshifter) (D:8)
  A queen bee (D:8)
  A jumping spider (Lair:2)
  A two-headed ogre (D:11)
  16 blink frogs
  3 large abominations (Abyss:1)
  A raiju (Abyss:1)
  7 dream sheep (Lair:4)
  11 hippogriffs
  A spriggan (Lair:4)
  A wyvern (Lair:3)
  5 basilisks
  Eustachio (D:6)
  2 steam dragons
  29 yaks
  2 humans (D:10)
  4 hungry ghosts
  Grum (Lair:1)
  2 neqoxecs (Abyss:1)
  Menkaure (D:4)
  14 water moccasins
  3 hell hounds (Lair:6)
  10 porcupines
  2 sky beasts (D:10)
  5 black bears
  4 ice beasts
  5 orc warriors
  An eye of draining (D:10)
  2 phantoms
  14 wolves
  4 ogres
  A necrophage (D:9)
  10 crocodiles
  8 centaurs
  A big kobold (D:9)
  14 bullfrogs
  A gnoll sergeant (D:6)
  3 scorpions
  28 killer bees
  3 wights (D:7)
  A howler monkey (D:4)
  7 electric eels
  A lava snake (Lair:4)
  6 crimson imps
  A quasit (D:5)
  2 centaur zombies
  2 bullfrog zombies
  A gnoll shaman (D:6)
  3 hounds
  11 orc priests
  4 jellies
  14 orc wizards
  A bullfrog skeleton (D:10)
  3 centaur skeletons
  4 iguanas
  17 worker ants
  3 small abominations (Abyss:1)
  A killer bee zombie (D:9)
  An ogre skeleton (Lab)
  A hound skeleton (D:10)
  A howler monkey zombie (D:10)
  A howler monkey skeleton (D:9)
  A worker ant zombie (D:8)
  9 gnolls (D:6)
  13 adders
  2 shadow imps
  An ooze (D:4)
  An adder skeleton (D:4)
  An adder zombie (D:8)
  2 worms
  A dart slug (D:3)
  4 leopard geckos
  56 orcs
  2 ball pythons (D:1)
  8 bats
  5 giant cockroaches
  9 goblins
  11 hobgoblins
  8 jackals
  10 quokkas
  6 frilled lizards
  15 kobolds
  A leopard gecko zombie (D:5)
  2 quokka skeletons
  A quokka zombie (D:8)
  6 rats
  A fire vortex (Lair:4)
572 creatures vanquished.

Vanquished Creatures (others)
  6 fungi
  6 plants
  2 starspawn tentacles (Abyss:1)
14 creatures vanquished.

Grand Total: 586 creatures vanquished

Notes
Turn   | Place    | Note
-------+----------+-------------------------------------------
     0 | D:1      | edsrzf the Merfolk Monk began the quest for the Orb.
     0 | D:1      | Reached XP level 1. HP: 18/18 MP: 1/1
    50 | D:1      | Reached XP level 2. HP: 24/24 MP: 2/2
   382 | D:1      | Reached skill level 5 in Polearms
   651 | D:1      | Reached XP level 3. HP: 28/29 MP: 3/3
  1226 | D:2      | Reached XP level 4. HP: 30/37 MP: 4/4
  1296 | D:2      | Reached skill level 6 in Polearms
  1304 | D:2      | Learned a level 2 spell: Blink
  1422 | D:2      | Found a shattered altar of Ashenzari.
  1700 | D:2      | Reached skill level 5 in Dodging
  1762 | D:3      | Noticed CanadianGator's ghost (amateur MiFi)
  2089 | D:3      | Reached skill level 4 in Fighting
  2089 | D:3      | Reached XP level 5. HP: 42/42 MP: 5/5
  2304 | D:3      | Found a snail-covered altar of Cheibriados.
  2327 | D:3      | Became a worshipper of Cheibriados the Contemplative
  2327 | D:3      | Reached * piety under Cheibriados
  2327 | D:3      | Reached ** piety under Cheibriados
  2393 | D:4      | Reached skill level 7 in Polearms
  2460 | D:4      | Reached XP level 6. HP: 46/49 MP: 6/6
  2553 | D:4      | Reached skill level 6 in Dodging
  2554 | D:4      | Found an iron altar of Okawaru.
  2805 | D:4      | Found a bloodstained altar of Trog.
  2845 | D:4      | Reached skill level 8 in Polearms
  3035 | D:4      | Noticed Menkaure
  3037 | D:4      | Reached XP level 7. HP: 55/55 MP: 7/7
  3043 | D:4      | Identified 2 potions of lignification
  3044 | D:4      | Killed Menkaure
  3044 | D:4      | Reached skill level 5 in Fighting
  3397 | D:4      | Noticed Duvessa
  3661 | D:4      | Reached *** piety under Cheibriados
  3668 | D:4      | Noticed Sigmund
  3668 | D:4      | Noticed Dowan
  3710 | D:5      | Entered Level 5 of the Dungeon
  3743 | D:5      | Reached skill level 9 in Polearms
  3808 | D:5      | Reached skill level 7 in Dodging
  3819 | D:5      | Noticed Grinder
  4046 | D:5      | Found a staircase to the Ecumenical Temple.
  4295 | D:5      | Reached XP level 8. HP: 43/64 MP: 8/8
  4310 | D:5      | Identified 4 scrolls of enchant armour
  4311 | D:5      | Identified 3 scrolls of remove curse
  4312 | D:5      | Identified 3 scrolls of identify
  4312 | D:5      | Identified 2 potions of haste
  4313 | D:5      | Identified a potion of flight
  4315 | D:5      | Identified a potion of invisibility
  4582 | D:5      | Found a radiant altar of Vehumet.
  4740 | D:6      | Reached skill level 10 in Polearms
  4911 | D:6      | Reached **** piety under Cheibriados
  4915 | D:6      | Reached skill level 6 in Fighting
  5359 | D:6      | Reached skill level 8 in Dodging
  5362 | D:6      | Reached skill level 11 in Polearms
  5754 | D:6      | Noticed Eustachio
  5776 | D:6      | Killed Eustachio
  5906 | D:6      | Reached XP level 9. HP: 69/71 MP: 9/9
  6224 | D:7      | Reached ***** piety under Cheibriados
  6224 | D:7      | Reached skill level 7 in Fighting
  6256 | D:7      | Reached skill level 12 in Polearms
  6502 | D:7      | Identified a potion of curing
  6583 | D:7      | Reached skill level 9 in Dodging
  6643 | D:7      | Found a shimmering altar of Xom.
  6722 | D:7      | Found a shimmering altar of Xom.
  6722 | D:7      | Found a shimmering altar of Xom.
  6724 | D:7      | Found a shimmering altar of Xom.
  6726 | D:7      | Found a shimmering altar of Xom.
  6728 | D:7      | Found a shimmering altar of Xom.
  6879 | D:8      | Noticed a meliai
  6879 | D:8      | an eye of draining changed into a meliai
  6880 | D:8      | Killed a meliai
  6880 | D:8      | Reached skill level 13 in Polearms
  7108 | D:8      | Noticed a queen bee
  7134 | D:8      | Reached skill level 8 in Fighting
  7146 | D:8      | Reached skill level 10 in Dodging
  7156 | D:8      | Reached XP level 10. HP: 16/80 MP: 10/10
  7168 | D:8      | Identified a potion of beneficial mutation
  7168 | D:8      | Gained mutation: Your system is resistant to poisons. (rPois) [potion of beneficial mutation]
  7168 | D:8      | HP: 6/120 [queen bee (9)]
  7169 | D:8      | Identified a potion of heal wounds
  7180 | D:8      | Reached skill level 1 in Invocations
  7183 | D:8      | Reached skill level 14 in Polearms
  7280 | D:8      | Reached skill level 2 in Invocations
  7529 | D:8      | Noticed Psyche
  7603 | D:8      | Identified a potion of berserk rage
  8029 | D:8      | Killed Psyche
  8330 | D:8      | Reached skill level 3 in Invocations
  8403 | D:8      | Reached ****** piety under Cheibriados
  8579 | D:9      | Reached skill level 9 in Fighting
  8763 | D:9      | Reached skill level 15 in Polearms
  8874 | D:9      | Reached skill level 4 in Invocations
  9668 | D:10     | Entered Level 10 of the Dungeon
  9674 | D:10     | Found an iron altar of Okawaru.
  9739 | D:10     | Found a staircase to the Lair.
  9743 | D:10     | Reached XP level 11. HP: 87/89 MP: 14/14
  9870 | D:10     | Reached skill level 16 in Polearms
  9870 | D:10     | Reached skill level 5 in Invocations
 10937 | Lair:1   | Entered Level 1 of the Lair of Beasts
 10959 | Lair:1   | Noticed Grum
 10994 | Lair:1   | Reached skill level 10 in Fighting
 11008 | Lair:1   | Killed Grum
 11008 | Lair:1   | Reached skill level 6 in Invocations
 11439 | Lair:1   | Reached skill level 17 in Polearms
 12226 | Lair:2   | Found a labyrinth entrance.
 12254 | Lab      | Entered a labyrinth
 12433 | Lab      | Noticed an unseen horror
 12439 | Lab      | Killed an unseen horror
 12567 | Lab      | Noticed a minotaur
 12585 | Lab      | Killed a minotaur
 12585 | Lab      | Reached skill level 7 in Invocations
 12619 | Lair:2   | Noticed Gastronok
 12644 | Lair:2   | Identified 5 scrolls of teleportation
 12745 | Lair:2   | Reached XP level 12. HP: 75/99 MP: 17/17
 12783 | Lair:2   | Reached skill level 18 in Polearms
 13005 | Lair:2   | Noticed a six-headed hydra
 13137 | Lair:3   | Reached skill level 11 in Fighting
 13404 | Lair:3   | Noticed a seven-headed hydra
 13622 | Lair:2   | Found a staircase to the Shoals.
 13630 | Lair:2   | Learned a level 2 spell: Repel Missiles
 13650 | Lair:2   | Reached skill level 8 in Invocations
 13967 | Lair:2   | Killed a six-headed hydra
 13974 | Lair:2   | Found a hole to the Spider Nest.
 14001 | Lair:2   | Reached skill level 19 in Polearms
 14224 | Lair:3   | Reached skill level 1 in Spellcasting
 14647 | Lair:4   | Reached skill level 2 in Spellcasting
 14964 | Lair:4   | Reached skill level 9 in Invocations
 15154 | Lair:4   | Reached skill level 12 in Fighting
 15154 | Lair:4   | Reached skill level 1 in Translocations
 15154 | Lair:4   | Reached XP level 13. HP: 105/108 MP: 19/19
 15740 | Lair:4   | Reached skill level 2 in Translocations
 15878 | Lair:5   | Identified 2 potions of degeneration
 15879 | Lair:5   | Identified a potion of brilliance
 15881 | Lair:5   | Identified a potion of resistance
 15908 | Lair:5   | Reached skill level 1 in Throwing
 16187 | Lair:5   | Found a viscous altar of Jiyva.
 16187 | Lair:5   | Found a staircase to the Slime Pits.
 16255 | Lair:5   | Identified 3 scrolls of enchant weapon
 16256 | Lair:5   | Identified 2 scrolls of random uselessness
 16400 | Lair:5   | Identified 2 scrolls of fog
 16401 | Lair:5   | Identified 2 scrolls of noise
 16420 | Lair:5   | Reached skill level 2 in Throwing
 16469 | Lair:5   | Identified a potion of cure mutation
 16689 | Lair:5   | Reached skill level 10 in Invocations
 16717 | Lair:6   | Entered Level 6 of the Lair of Beasts
 16770 | Lair:6   | Reached skill level 3 in Throwing
 17176 | Lair:6   | Reached skill level 20 in Polearms
 17236 | Lair:6   | Identified 2 scrolls of holy word
 17237 | Lair:6   | Identified 2 scrolls of blinking
 17238 | Lair:6   | Identified 2 scrolls of fear
 17239 | Lair:6   | Identified 2 scrolls of amnesia
 17328 | Lair:6   | Reached skill level 4 in Throwing
 17359 | Lair:6   | Reached skill level 13 in Fighting
 17572 | Lair:6   | Reached XP level 14. HP: 105/118 MP: 22/22
 17664 | Lair:6   | Identified 2 potions of agility
 17839 | Lair:6   | Identified a scroll of recharging
 17840 | Lair:6   | Identified a scroll of magic mapping
 17894 | Lair:6   | Reached skill level 5 in Throwing
 17974 | Lair:6   | Found a burning altar of Makhleb.
 18328 | Lair:6   | Reached skill level 11 in Invocations
 18642 | Lair:6   | Found a gateway to Hell.
 18662 | Lair:6   | Got a pitted chain mail
 18673 | Lair:6   | Identified the +1 chain mail of the Cooper {-Cast Dex+7} (You found it on level 6 of the Lair of Beasts)
 19080 | D:11     | Noticed Oroborous's ghost (journeyman DrTm)
 19112 | D:11     | Killed Oroborous's ghost
 19281 | D:11     | Reached skill level 6 in Throwing
 19766 | D:11     | Identified a scroll of summoning
 19818 | D:11     | Identified a scroll of vulnerability
 19836 | D:11     | Identified a scroll of immolation
 19940 | D:11     | Reached skill level 21 in Polearms
 20084 | D:11     | Identified a scroll of brand weapon
 20465 | D:12     | Found a staircase to the Orcish Mines.
 20490 | Orc:1    | Entered Level 1 of the Orcish Mines
 20552 | Orc:1    | Noticed Erolcha
 20555 | Orc:1    | Cast into level 1 of the Abyss (Erolcha)
 20568 | Abyss:1  | Gained mutation: You are frail. (-10% HP) [a neqoxec]
 20600 | Abyss:1  | Reached skill level 14 in Fighting
 20615 | Abyss:1  | Noticed a starcursed mass
 20838 | Abyss:1  | Noticed a tentacled starspawn
 20846 | Abyss:1  | Killed a tentacled starspawn
 20921 | Abyss:1  | Reached skill level 7 in Throwing
 21000 | Abyss:1  | Reached skill level 12 in Invocations
 21193 | Abyss:2  | Noticed a brown very ugly thing
 21193 | Abyss:2  | Noticed a brown very ugly thing
 21196 | Abyss:2  | Noticed a brown very ugly thing
 21199 | Abyss:2  | Noticed a brown very ugly thing
 21211 | Abyss:2  | Killed a brown very ugly thing
 21211 | Abyss:2  | Reached XP level 15. HP: 69/113 MP: 19/19
 21218 | Abyss:2  | HP: 5/113 [brown very ugly thing (6)]
 21218 | Abyss:2  | HP: 1/113 [acid (4)]
 21218 | Abyss:2  | Slain by a brown very ugly thing

Skill      XL: |  1  2  3  4  5  6  7  8  9 10 11 12 13 14 |
---------------+-------------------------------------------+-----
Polearms       | 5 6 7 8 9 11 13 15 17 19 20 21 | 21.3
Dodging        | 5 6 7 8 10 | 10.0
Fighting       | 4 5 6 8 9 10 12 13 14 | 14.3
Invocations    | 4 7 9 10 12 | 12.1
Spellcasting   | 2 |  2.5
Translocations | 1 2 |  2.0
Throwing       | 4 7 |  7.1
Stealth        | |  2.1

Action                   |  1- 3 |  4- 6 |  7- 9 | 10-12 | 13-15 || total
-------------------------+-------+-------+-------+-------+-------++-------
Melee: Spear             |   115 |    67 |       |       |       ||   182
       Trident           |       |   166 |   558 |   921 |  1182 ||  2827
Throw: Throwing net      |       |       |       |     2 |       ||     2
       Tomahawk          |       |       |       |       |     1 ||     1
 Cast: Blink             |       |       |       |     1 |       ||     1
Invok: Slouch            |       |       |       |     5 |     4 ||     9
Evoke: Wand              |       |       |       |       |     5 ||     5
  Use: Potion            |       |       |     4 |     6 |     2 ||    12
       Scroll            |       |       |     6 |     3 |    23 ||    32
 Stab: Sleeping          |     7 |     4 |     6 |    11 |    10 ||    38
       Distracted        |       |       |     2 |     7 |     9 ||    18
       Invisible         |       |       |    10 |     9 |     5 ||    24
       Held in net/web   |       |       |       |     5 |       ||     5
       Fleeing           |       |       |       |       |     2 ||     2
  Eat: Chunk             |       |     6 |     8 |    16 |    10 ||    40
       Royal jelly       |       |       |       |     1 |       ||     1
       Pizza             |       |       |       |       |     2 ||     2
Armor: Robe              |     4 |       |       |       |       ||     4
       Ring mail         |     7 |    49 |    37 |    22 |   150 ||   265
       Skin              |       |       |    29 |    36 |       ||    65
       Scale mail        |       |       |    39 |    56 |       ||    95
Dodge: Dodged            |    54 |   103 |   318 |   546 |   837 ||  1858
